Map: Abyssal Reef LE

Players

Bails - Winner!

  • Race: Protoss Protoss
  • Spawn Location: 11:00

jheffe

  • Race: Terran Terran
  • Spawn Location: 5:00

Event: WCS Austin 2017

VOD

Have the link to the VOD?

Description

Time

  • Played on: April 28, 2017, 1:29 p.m.
  • Length: 11:40

All games in this series

Show
View Real Time Build Order
Export as new Build Order

Bails Protoss - Winner!

Build Orders: 1 Gate Expand, Colossus Rush 

Get SALT Encoding   

  12  0:00  Probe (Chrono Boost)  
  13  0:11  Probe (Chrono Boost)  
  14  0:18  Pylon  
  14  0:22  Probe (Chrono Boost)  
  15  0:36  Probe (Chrono Boost), Gateway  
  16  0:46  Probe (Chrono Boost)  
  16  0:48  Assimilator  
  17  0:57  Probe (Chrono Boost)  
  18  1:08  Probe (Chrono Boost)  
  20  1:18  Probe (Chrono Boost)  
  20  1:23  Cybernetics Core  
  20  1:38  Nexus  
  20  1:42  Probe (Chrono Boost)  
  21  1:49  Pylon  
  21  2:00  Mothership Core (Chrono Boost)  
  23  2:05  Adept  
  23  2:07  Assimilator  
  25  2:11  Warp Gate  
  25  2:19  Probe (Chrono Boost)  
  26  2:28  Adept  
  26  2:31  Probe (Chrono Boost)  
  29  2:43  Probe (Chrono Boost)  
  30  2:52  Robotics Facility  
  30  2:53  Probe (Chrono Boost)  
  30  2:56  Probe (Chrono Boost)  
  32  2:59  Pylon  
  32  3:03  Probe (Chrono Boost)  
  33  3:08  Probe (Chrono Boost)  
  34  3:14  Probe (Chrono Boost)  
  36  3:20  Probe (Chrono Boost)  
  36  3:25  Gateway  
  36  3:27  Gateway  
  36  3:28  Probe (Chrono Boost)  
  36  3:33  Probe (Chrono Boost)  
  38  3:39  Probe (Chrono Boost)  
  39  3:43  Observer  
  39  3:45  Probe (Chrono Boost)  
  41  3:49  Probe (Chrono Boost)  
  41  3:50  Pylon  
  41  3:54  Pylon  
  42  3:57  Probe (Chrono Boost)  
  42  3:59  Warp Prism  
  42  4:00  Probe (Chrono Boost)  
  46  4:12  Probe (Chrono Boost)  
  46  4:16  Probe (Chrono Boost), Robotics Bay  
  48  4:22  Stalker x2  
  52  4:26  Assimilator  
  52  4:28  Assimilator  
  52  4:30  Stalker  
  54  4:32  Observer  
  54  4:36  Pylon  
  54  4:38  Probe x2 (Chrono Boost)  
  57  4:48  Pylon  
  57  4:49  Probe (Chrono Boost)  
  57  4:50  Probe (Chrono Boost)  
  59  5:01  Stalker x3  
  59  5:02  Probe x2 (Chrono Boost)  
  67  5:09  Colossus  
  72  5:27  Extended Thermal Lance  
  72  5:31  Twilight Council  
  72  5:35  Probe (Chrono Boost)  
  73  5:38  Pylon  
  73  5:51  Nexus  
  73  5:57  Adept x2  
  73  5:59  Adept  
  73  6:01  Blink  
  73  6:02  Probe (Chrono Boost)  
  81  6:04  Probe (Chrono Boost)  
  81  6:14  Probe (Chrono Boost)  
  82  6:19  Pylon  
  82  6:21  Sentry  
  82  6:23  Pylon  
  82  6:24  Probe (Chrono Boost)  
  86  6:26  Probe (Chrono Boost)  
  86  6:31  Colossus  
  86  6:38  Probe x2 (Chrono Boost)  
  94  6:43  Gateway  
  94  6:44  Gateway  
  94  6:48  Gateway  
  89  6:58  Adept x2  
  89  7:00  Adept  
  94  7:08  Dark Shrine  
  94  7:20  Adept x2  
  96  7:27  Stalker  
  100  7:30  Probe x2 (Chrono Boost)  
  100  7:33  Colossus  
  100  7:38  Probe (Chrono Boost)  
  100  7:42  Probe (Chrono Boost)  
  106  7:48  Probe (Chrono Boost)  
  106  7:49  Resonating Glaives, Probe (Chrono Boost)  
  102  7:54  Stalker x3  
  108  8:05  Pylon  
  106  8:31  Nexus  
  106  8:41  Pylon  
  106  8:45  Pylon  
  106  8:47  Dark Templar x2  
  110  8:49  Forge  
  110  8:53  Forge  
  110  8:56  Pylon  
  110  8:58  Colossus  
  116  9:10  Dark Templar  
  116  9:12  Protoss Ground Weapons Level 1  
  116  9:16  Probe (Chrono Boost)  
  119  9:21  Probe (Chrono Boost)  
  119  9:23  Protoss Ground Armor Level 1  
  120  9:28  Probe (Chrono Boost)  
  119  9:33  Probe (Chrono Boost)  
  120  9:40  Probe (Chrono Boost)  
  120  9:45  Probe (Chrono Boost)  
  120  9:46  Colossus  
  120  9:52  Probe (Chrono Boost), Photon Cannon  
  126  9:54  Photon Cannon x2  
  126  9:55  Photon Cannon  
  126  9:57  Sentry x4  
  130  10:04  Pylon, Photon Cannon  
  130  10:06  Assimilator  
  128  10:08  Assimilator  
  128  10:17  Photon Cannon  
  128  10:19  Photon Cannon  
  128  10:25  Adept x4  
  128  10:28  Adept  
  138  10:33  Adept  
  140  10:36  Disruptor  
  143  10:50  Gateway  
  143  10:59  Gateway  
  143  11:00  Dark Templar x2, Nexus  
  147  11:04  Archon  
  147  11:07  Dark Templar  
  147  11:08  Dark Templar  
  151  11:11  Archon  
  151  11:12  Dark Templar x2  
  151  11:16  Archon  
  155  11:25  Pylon  
  156  11:26  Pylon  
  156  11:29  Pylon  
  156  11:30  Pylon  
Show
View Real Time Build Order
Export as new Build Order

jheffe Terran 

Build Orders: Reaper Expand, MMM Bio 

Get SALT Encoding   

  12  0:00  SCV  
  13  0:13  SCV  
  14  0:17  Supply Depot  
  14  0:25  SCV  
  14  0:28  Refinery  
  15  0:38  SCV  
  16  0:45  Barracks  
  16  0:52  SCV  
  17  1:04  SCV  
  18  1:18  SCV  
  19  1:34  Orbital Command  
  19  1:37  Reaper  
  20  1:52  Command Center  
  20  2:00  SCV  
  21  2:07  Factory  
  21  2:09  Barracks Reactor  
  21  2:14  SCV  
  22  2:18  Refinery  
  22  2:22  Supply Depot  
  22  2:26  SCV  
  23  2:44  SCV  
  23  2:46  Marine  
  23  2:47  Marine  
  25  2:52  Starport  
  25  2:56  SCV  
  28  3:04  Marine x2, Orbital Command  
  28  3:11  Cyclone  
  30  3:18  SCV  
  31  3:25  Supply Depot, Marine  
  31  3:26  Marine  
  32  3:46  Widow Mine, Medivac, SCV  
  37  3:52  Marine  
  37  3:53  Supply Depot  
  38  4:13  Barracks  
  38  4:14  Marine x2  
  38  4:15  SCV x2  
  42  4:18  Supply Depot  
  42  4:22  Factory Tech Lab  
  42  4:27  SCV x2  
  44  4:32  Marine x2  
  44  4:34  Supply Depot  
  46  4:40  SCV x2  
  46  4:43  Siege Tank  
  51  4:50  Marine x2  
  51  4:52  SCV  
  54  4:56  Refinery, SCV  
  54  4:59  Engineering Bay  
  55  5:04  SCV  
  56  5:08  SCV  
  56  5:09  Barracks Tech Lab  
  57  5:14  Barracks  
  57  5:16  Marine x2, SCV  
  57  5:20  SCV  
  61  5:23  Supply Depot  
  62  5:28  Siege Tank  
  62  5:29  Marine, SCV  
  62  5:32  Stimpack, SCV  
  62  5:36  Terran Infantry Weapons Level 1  
  62  5:43  Supply Depot  
  62  5:45  SCV x2  
  62  5:49  Starport Reactor  
  64  5:50  Marine x3  
  64  5:55  Supply Depot  
  67  5:57  SCV x2  
  69  6:07  Factory Reactor  
  69  6:09  SCV x2  
  71  6:13  Combat Shields, Marine x2  
  71  6:14  Marauder x2  
  71  6:17  Supply Depot  
  77  6:19  Supply Depot  
  77  6:21  SCV  
  77  6:25  SCV  
  79  6:28  Refinery  
  79  6:30  Medivac x2  
  83  6:33  SCV  
  83  6:35  Marine x2  
  83  6:38  Marauder, SCV  
  89  6:43  Marauder  
  89  6:45  SCV  
  92  6:52  Widow Mine  
  92  6:53  Marine x2  
  97  6:54  SCV  
  97  7:00  Marauder  
  99  7:04  Marauder  
  99  7:07  Missile Turret  
  100  7:08  Missile Turret, SCV  
  100  7:11  Marine x2  
  100  7:17  SCV  
  100  7:21  Marauder  
  102  7:23  Missile Turret  
  102  7:42  Marine  
  102  7:43  Marauder, Marine  
  102  7:45  Marauder  
  86  8:00  Marine  
  86  8:01  Marine  
  86  8:04  Barracks, Marauder  
  87  8:06  Barracks, Marauder  
  78  8:20  Widow Mine x2, Marine x2  
  78  8:22  Medivac x2  
  78  8:23  SCV  
  78  8:26  Marauder  
  86  8:28  Marauder  
  86  8:30  SCV  
  84  8:35  SCV  
  85  8:42  Command Center  
  85  8:44  Marine x2  
  85  8:45  SCV  
  85  8:46  Starport  
  85  8:47  Marauder  
  90  8:51  Viking  
  90  8:52  Viking, Barracks Tech Lab  
  90  8:53  Barracks Reactor  
  94  8:58  Terran Infantry Armor Level 1  
  96  9:03  Marauder  
  96  9:06  SCV x2  
  98  9:16  Marauder x2, Marine  
  94  9:33  Marine x2  
  94  9:34  Marine  
  94  9:36  Marauder  
  93  9:42  Marauder  
  94  9:50  Marauder  
  94  9:52  Supply Depot, Marine  
  94  9:53  Supply Depot  
  94  9:58  Command Center  
  93  10:04  Marauder  
  94  10:09  SCV  
  94  10:12  Command Center  
  94  10:13  Marine, SCV  
  98  10:14  Marauder  
  98  10:22  Viking  
  98  10:23  Viking  
  98  10:26  Supply Depot  
  98  10:27  Starport  
  98  10:28  Engineering Bay, Armory  
  102  10:30  Barracks Reactor  
  102  10:34  Marauder  
  103  10:41  Marine x2  
  104  10:57  SCV x2  
  104  10:58  Marauder x2  
  104  11:03  Marauder  
  109  11:36  Missile Turret  
Tags
 
Add a new tag
Caveats
  • Supply blocks, unpowered buildings, or Contaminate may cause inaccurate times.
  • Supply counts are checked every 10 seconds.